 Dungeon Crawl Stone Soup version 0.29-a0-322-g68df515428 (webtiles) character file.

Game seed: 11058341999636532574

2706 dianekeaton the Basher (level 9, -1/70 HPs)
             Began as a Minotaur Fighter on Apr 9, 2022.
             Was an Initiate of Okawaru.
             Slain by a wyvern (3 damage)
             ... on level 7 of the Dungeon on Apr 10, 2022.
             The game lasted 00:18:39 (7787 turns).

dianekeaton the Basher (Minotaur Fighter)           Turns: 7787, Time: 00:18:39

Health: -1/70      AC: 12    Str: 23    XL:     9   Next: 39%
Magic:  8/8        EV:  6    Int:  5    God:    Okawaru [......]
Gold:   429        SH:  5    Dex: 12    Spells: 8/8 levels left

rFire   . . .      SeeInvis .   r - +1 mace (freeze)
rCold   . . .      Faith    .   c - +1 buckler
rNeg    . . .      Spirit   .   h - +0 plate armour
rPois   .          Reflect  .   (helmet restricted)
rElec   .          Harm     .   o - +0 cloak
rCorr   .          Rampage  .   (no gloves)
Will    .....                   (no boots)
Stlth   ..........              (no amulet)
HPRegen 0.21/turn               (no ring)
MPRegen 0.11/turn               (no ring)

@: lethally poisoned (-1 -> -4), about to teleport, slowed, very slow
A: horns 2, retaliatory headbutt
a: Renounce Religion


You were on level 7 of the Dungeon.
You worshipped Okawaru.
Okawaru was noncommittal.
You visited 2 branches of the dungeon, and saw 8 of its levels.
You also visited: Sewer.

You collected 429 gold pieces.

Inventory:

Hand Weapons
 a - a +0 flail
 r - a +1 mace of freezing (weapon)
Missiles
 j - 3 boomerangs (quivered)
Armour
 c - a +1 buckler (worn)
 h - a +0 plate armour (worn)
 o - a +0 cloak (worn)
Jewellery
 g - an amulet of reflection
 k - an amulet of regeneration
Wands
 b - a wand of iceblast (23)
 m - a wand of paralysis (6)
 q - a wand of polymorph (7)
Scrolls
 d - 2 scrolls of fog
 n - a scroll of teleportation
 s - a scroll of brand weapon
 y - a scroll of summoning
Potions
 e - 3 potions of cancellation
 f - 3 potions of attraction
 i - 3 potions of heal wounds
 l - a potion of curing
 p - 2 potions of degeneration
 t - a potion of flight {unknown}
 w - a potion of berserk rage {unknown}
 z - a potion of haste {unknown}
 A - a potion of magic {unknown}


   Skills:
 - Level 3.6 Fighting
 + Level 14.4 Maces & Flails
 + Level 3.9 Throwing
 - Level 3.6 Armour
 - Level 0.6 Dodging
 - Level 3.6 Shields


You had 8 spell levels left.
You didn't know any spells.
Your spell library was empty.

Dungeon Overview and Level Annotations

Branches:
Dungeon (7/15)             Temple (1/1) D:6           Sewer (visited)

Altars:
Elyvilon
Gozag
Okawaru
Ru
Trog
Wu Jian
The Shining One


Innate Abilities, Weirdness & Mutations

You have a pair of horns on your head.
You reflexively headbutt those who attack you in melee.


Message History

You hear a howl!
The wyvern hisses angrily.
You hear a bellow! x2
The howler monkey hoots and howls with incredible vigour!
You block the hornet's attack. You block the howler monkey's attack.
The hornet stings you!
* * * LOW HITPOINT WARNING * * *
You feel as though you will be slow longer.
You hear a bark!
You feel much better.
A howler monkey comes into view.
The hornet stings you.
You are poisoned.
You feel as though you will be slow longer.
The howler monkey hits you but does no damage.
The hornet stings you!
* * * LOW HITPOINT WARNING * * *
You are lethally poisoned!
You feel as though you will be slow longer.
You feel better. The hornet stings you!
* * * LOW HITPOINT WARNING * * *
You are poisoned.
You feel as though you will be slow longer.
The wyvern bites you but does no damage.
You block the howler monkey's attack.
The howler monkey hits you but does no damage.
You block the hornet's attack. The wyvern bites you.
* * * LOW HITPOINT WARNING * * *
The howler monkey hits you.
* * * LOW HITPOINT WARNING * * *
As you read the scroll of fear, it crumbles to dust.
You assume a fearsome visage.
The howler monkey looks frightened! x3
The hornet looks frightened!
The wyvern resists with some effort.
You feel very sick. The wyvern bites you.
* * * LOW HITPOINT WARNING * * *
The wyvern barely misses you.
As you read the scroll of teleportation, it crumbles to dust.
You feel strangely unstable.
* * * LOW HITPOINT WARNING * * *
You feel sick. The wyvern bites you.
You die...

#.......#.#
#.#...#.#.# .#.
#.........# ...
###...######.#. #
#...# #.#.# y#
#####...######.#.##.
........h.....h....
..............##..#
........@..y..##..#
#.###..l#.###.###.##.#
.. #...#.# #........#
#..<#h# #####.####
.....#.# #.# #.#...#.#
#.# .......#.. ..#
#####.#### ... ...


You could see a hornet (fleeing), a wyvern and 3 howler monkeys.

Vanquished Creatures
  Sigmund (D:4)
  A water moccasin (D:7)
  3 ice beasts
  A black bear (D:6)
  2 sky beasts (D:5)
  2 ogres
  3 kobold brigands (Sewer)
  A phantom (D:5)
  3 bullfrogs
  A scorpion (D:5)
  5 killer bees (D:6)
  2 jellies
  2 howler monkeys
  5 hounds
  3 orc priests
  Jessica (D:3)
  3 iguanas
  9 orc wizards
  Ijyb (D:3)
  7 adders
  A river rat (Sewer)
  2 white imps (D:5)
  4 ufetubi
  3 worms
  A dart slug (D:1)
  20 orcs
  4 bats
  5 endoplasms
  6 giant cockroaches
  6 goblins
  7 hobgoblins
  13 jackals
  2 quokkas
  14 ball pythons
  4 frilled lizards
  8 kobolds
  6 rats
162 creatures vanquished.

Vanquished Creatures (others)
  13 plants (Sewer)
13 creatures vanquished.

Grand Total: 175 creatures vanquished

Notes
Turn   | Place    | Note
-------+----------+-------------------------------------------
     0 | D:1      | dianekeaton the Minotaur Fighter began the quest for the
                  | Orb.
     0 | D:1      | Reached XP level 1. HP: 19/19 MP: 0/0
   119 | D:1      | Reached skill level 3 in Maces & Flails
   153 | D:1      | Reached XP level 2. HP: 26/26 MP: 1/1
   305 | D:1      | Reached skill level 4 in Maces & Flails
   334 | D:1      | Found a faded altar of an unknown god.
   366 | D:1      | Reached XP level 3. HP: 18/31 MP: 2/2
  1432 | D:3      | Noticed Jessica
  1454 | D:3      | Killed Jessica
  1455 | D:3      | Reached skill level 5 in Maces & Flails
  1455 | D:3      | Reached XP level 4. HP: 18/39 MP: 3/3
  1829 | D:3      | Noticed Ijyb
  1838 | D:3      | Killed Ijyb
  2052 | D:3      | Noticed an ice beast
  2076 | D:4      | Killed an ice beast
  2077 | D:4      | Reached skill level 6 in Maces & Flails
  2077 | D:4      | Reached XP level 5. HP: 7/45 MP: 4/4
  2490 | D:3      | Reached skill level 7 in Maces & Flails
  2712 | D:4      | Found a sacrificial altar of Ru.
  2752 | D:4      | Noticed Sigmund
  2769 | D:4      | Killed Sigmund
  2770 | D:4      | Reached skill level 8 in Maces & Flails
  2770 | D:4      | Reached skill level 1 in Throwing
  2770 | D:4      | Reached XP level 6. HP: 45/51 MP: 5/5
  3529 | D:5      | Entered Level 5 of the Dungeon
  3579 | D:5      | Reached skill level 9 in Maces & Flails
  3579 | D:5      | Reached XP level 7. HP: 54/57 MP: 6/6
  3982 | D:5      | Reached skill level 10 in Maces & Flails
  4187 | D:5      | Found the +4 Cigotuvi's embrace {rMiasma Drain rN+}
  4225 | D:5      | Reached XP level 8. HP: 61/64 MP: 7/7
  4284 | D:5      | Reached skill level 11 in Maces & Flails
  5166 | D:6      | Reached skill level 12 in Maces & Flails
  5322 | D:6      | Found a glowing drain.
  5368 | Sewer    | Entered a sewer
  5690 | Sewer    | Reached skill level 13 in Maces & Flails
  6365 | D:6      | Found a staircase to the Ecumenical Temple.
  6381 | Temple   | Entered the Ecumenical Temple
  6391 | Temple   | Became a worshipper of Warmaster Okawaru
  6438 | D:6      | Reached XP level 9. HP: 70/70 MP: 8/8
  7447 | D:7      | Reached skill level 14 in Maces & Flails
  7787 | D:7      | HP: 2/70 [poisoned by a hornet]
  7787 | D:7      | Slain by a wyvern

Illustrated notes

Levels and vault maps discovered:
D:1:      dpeg_arrival_round_a, layout_basic, basic_ecumenical_altar
D:2:      layout_basic, mrwooster_statue_mirror
D:3:      layout_basic, uniq_jessica, uniq_ijyb
D:4:      layout_gridville, lemuel_round_altar, uniq_sigmund
D:5:      layout_loops_corners, minmay_misc_feat_encased, grunt_tough_drop
D:6:      layout_loops_ring, minmay_temple_entry_metal_lava,
          gup_sewer_entry_glass, kennysheep_generic_room_13
D:7:      layout_loops_cross, hangedman_decor_riveting, nicolae_lava_and_water,
          uniq_crazy_yiuf_cottage
Temple:   nicolae_temple_the_god_donut

Skill      XL: |  1  2  3  4  5  6  7  8  9 |
---------------+----------------------------+-----
Maces & Flails | 3 4 5 6 8 9 10 13 14 | 14.4
Throwing       | 1 2 3 |  3.9
Fighting       | |  3.6
Armour         | |  3.6
Dodging        | |  0.6
Shields        | |  3.6

Action                   |  1- 3 |  4- 6 |  7- 9 || total
-------------------------+-------+-------+-------++-------
Melee: Flail             |    87 |   107 |   123 ||   317
       Headbutt          |    12 |    11 |    46 ||    69
       Mace              |       |       |   234 ||   234
Throw: Boomerang         |     1 |     9 |    15 ||    25
  Use: Scroll            |     2 |     3 |    11 ||    16
       Potion            |       |     1 |     5 ||     6
Armor: Scale mail        |    39 |       |       ||    39
       Plate armour      |    14 |    56 |   212 ||   282
Dodge: Dodged            |    41 |    25 |    79 ||   145
Block: Buckler           |    20 |    27 |    71 ||   118

Table legend: (Time is in decaauts)
 A = Elapsed time spent in this place.
 B = Non-inter-level travel time spent in this place.
 C = Inter-level travel time spent in this place.
 D = Time resting spent in this place.
 E = Time spent auto-exploring this place.
 F = Levels seen in this place.
 G = Mean time per level.
                   A        B        C        D        E       F      G
               +--------+--------+--------+--------+--------+-----+--------+
         Total |   7969 |   7894 |     75 |   1800 |   4394 |   9 |  885.4 |
       Dungeon |   6809 |   6734 |     75 |   1685 |   3729 |   7 |  972.7 |
        Temple |     20 |     20 |      0 |      0 |      0 |   1 |   20.0 |
         Sewer |   1138 |   1138 |      0 |    115 |    665 |   1 | 1138.0 |
               +--------+--------+--------+--------+--------+-----+--------+

Top non-repeatable levels by time:
     D:5: 1489 daAuts
     D:6: 1403 daAuts
     D:4: 1242 daAuts
   Sewer: 1138 daAuts
     D:3: 1022 daAuts
     D:1: 765 daAuts
     D:2: 664 daAuts
     D:7: 223 daAuts
  Temple: 20 daAuts
